BSA
KENILWORTH ACES @ SEATTLE PIKES
08/23/2030
 
TOP OF THE 1ST
Kenilworth Aces batting - Pitching for Seattle Pikes : RHP Orlando Cruz
Pitching: RHP Orlando Cruz
Batting: LHB Barrett Waters 0-0: Ball
1-0: Foul Ball, location: 2F
1-1: Ball
2-1: Ball
3-1: Base on Balls
Batting: RHB Luis Sánchez 0-0: Ball
1-0: Ball
2-0: SINGLE (Groundball, 56S) (infield hit)
Barrett Waters to second
Batting: LHB Roy Patrick 0-0: Ball
1-0: Ball
2-0: Called Strike
2-1: Ball
3-1: Swinging Strike
3-2: Foul Ball, location: 2F
3-2: Base on Balls
Barrett Waters to third
Luis Sánchez to second
Batting: LHB Santiago Márquez 0-0: Ball
1-0: Foul Ball, location: 2F
1-1: Ball
2-1: Swinging Strike
2-2: Ball
3-2: Base on Balls
Barrett Waters scores
Luis Sánchez to third
Roy Patrick to second
Batting: RHB Jorge Jiménez 0-0: Ball
1-0: Called Strike
1-1: Ball
2-1: Ball
3-1: Swinging Strike
3-2: Base on Balls
Luis Sánchez scores
Roy Patrick to third
Santiago Márquez to second
Batting: RHB Andrés Lara 0-0: Ball
1-0: Ball
2-0: Swinging Strike
2-1: Foul Ball, location: 2F
2-2: Foul Ball, location: 2F
2-2: Foul Ball, location: 2F
2-2: Foul Ball, location: 2F
2-2: Ball
3-2: Base on Balls
Roy Patrick scores
Santiago Márquez to third
Jorge Jiménez to second
Batting: RHB Wilbert Rodgers 0-0: Ball
1-0: Ball
2-0: Called Strike
2-1: Grounds into double play, 6-4-3 (Groundball, 56)
Santiago Márquez scores
Jorge Jiménez to third
Batting: LHB Jim Jensen 0-0: Called Strike
0-1: SINGLE (Groundball, 34D)
Jorge Jiménez scores
Batting: RHB Hollis Wood 0-0: Ball
1-0: Ball
2-0: Ball
3-0: Base on Balls
Jim Jensen to second
Batting: LHB Barrett Waters 0-0: Called Strike
0-1: Swinging Strike
0-2: Strikes out swinging, 2-3 out at first.
Top of the 1st over - 5 runs, 2 hits, 0 errors, 2 left on base; Kenilworth 5 - Seattle 0
BOTTOM OF THE 1ST
Seattle Pikes batting - Pitching for Kenilworth Aces : RHP José Martínez
Pitching: RHP José Martínez
Batting: RHB Pete Rideout 0-0: Called Strike
0-1: Ball
1-1: Foul Ball, location: 2F
1-2: Ball
2-2: Ground out 5-3 (Groundball, 2L)
Batting: LHB Roberto Lozano 0-0: Ball
1-0: Ball
2-0: Ground out 5-3 (Groundball, 56S)
Batting: LHB John Clark 0-0: Called Strike
0-1: Ball
1-1: Foul Ball, location: 2F
1-2: Fly out, F5 (Line Drive, 5S)
Bottom of the 1st over - 0 runs, 0 hits, 0 errors, 0 left on base; Kenilworth 5 - Seattle 0
TOP OF THE 2ND
Kenilworth Aces batting - Pitching for Seattle Pikes : RHP Orlando Cruz
Batting: RHB Luis Sánchez 0-0: Called Strike
0-1: Ball
1-1: Ball
2-1: Ball
3-1: Foul Ball, location: 2F
3-2: Base on Balls
Batting: LHB Roy Patrick 0-0: Called Strike
0-1: Ball
1-1: Ball
2-1: Swinging Strike
2-2: Ball
3-2: Base on Balls
Luis Sánchez to second
Batting: LHB Santiago Márquez 0-0: Called Strike
0-1: 3-RUN HOME RUN (Line Drive, 9LD), Distance : 358 ft
Batting: RHB Jorge Jiménez 0-0: Ball
1-0: Ball
2-0: Ball
3-0: Base on Balls
Batting: RHB Andrés Lara 0-0: Called Strike
0-1: Called Strike
Jorge Jiménez is caught stealing 2nd base
0-2: Fly out, F8 (Flyball, 89S)
Batting: RHB Wilbert Rodgers 0-0: Called Strike
0-1: Called Strike
0-2: Ball
1-2: Foul Ball, location: 2F
1-2: Ball
2-2: Foul Ball, location: 2F
2-2: Fly out, F6 (Line Drive, 6)
Top of the 2nd over - 3 runs, 1 hit, 0 errors, 0 left on base; Kenilworth 8 - Seattle 0
BOTTOM OF THE 2ND
Seattle Pikes batting - Pitching for Kenilworth Aces : RHP José Martínez
Batting: RHB Randy Sheppard 0-0: Called Strike
0-1: SINGLE (Popup, 4MD)
Batting: SHB António Hernández 0-0: Ball
1-0: Swinging Strike
1-1: Called Strike
1-2: Strikes out swinging
Batting: RHB Anthony Rucker 0-0: Called Strike
0-1: Swinging Strike
0-2: Ball
1-2: Ball
2-2: Ball
3-2: Grounds into double play, 4-6-3 (Groundball, 4)
Bottom of the 2nd over - 0 runs, 1 hit, 0 errors, 0 left on base; Kenilworth 8 - Seattle 0
TOP OF THE 3RD
Kenilworth Aces batting - Pitching for Seattle Pikes : RHP Orlando Cruz
Batting: LHB Jim Jensen 0-0: Ball
1-0: Fly out, F7 (Flyball, 7LSF)
Batting: RHB Hollis Wood 0-0: SINGLE (Groundball, 56D)
Batting: LHB Barrett Waters 0-0: Called Strike
0-1: Ball
1-1: Swinging Strike
1-2: Foul Ball, location: 2F
1-2: Ball
2-2: Ball
3-2: DOUBLE (Line Drive, 7LM)
Hollis Wood to third
Batting: RHB Luis Sánchez 0-0: Swinging Strike
0-1: Ground out U3 (Groundball, 34)
Hollis Wood scores
Barrett Waters to third
Batting: LHB Roy Patrick 0-0: SINGLE (Line Drive, 6MD)
Barrett Waters scores
Batting: LHB Santiago Márquez 0-0: Called Strike
0-1: Ball
1-1: Foul Ball, location: 2F
1-2: Foul Ball, location: 2F
1-2: Ball
Roy Patrick steals 2nd base
2-2: Ground out 4-3 (Groundball, 4S)
Top of the 3rd over - 2 runs, 3 hits, 0 errors, 1 left on base; Kenilworth 10 - Seattle 0
BOTTOM OF THE 3RD
Seattle Pikes batting - Pitching for Kenilworth Aces : RHP José Martínez
Batting: RHB Murai Ishihara 0-0: Reached on error, E5 (Groundball, 25)
Batting: SHB Richard Bowman 0-0: Called Strike
0-1: Ball
1-1: Ball
2-1: Ball
3-1: Ground out 6-3 (Groundball, 6)
Batting: RHB Robert Johnson 0-0: Called Strike
0-1: Ball
1-1: Ball
2-1: Ball
3-1: Foul Ball, location: 2F
3-2: Foul Ball, location: 2F
3-2: Fly out, F9 (Flyball, 89M)
Batting: RHB Pete Rideout 0-0: Called Strike
0-1: Ball
1-1: DOUBLE (Line Drive, 8LXD)
Murai Ishihara scores
Pinch Runner at 2nd Seiji Kouno:
Batting: LHB Roberto Lozano 0-0: Ball
1-0: Ground out 5-3 (Groundball, 56)
Bottom of the 3rd over - 1 run, 1 hit, 1 error, 1 left on base; Kenilworth 10 - Seattle 1
TOP OF THE 4TH
Kenilworth Aces batting - Pitching for Seattle Pikes : RHP Orlando Cruz
Now at 2B: Seiji Kouno
Batting: RHB Jorge Jiménez 0-0: Ball
1-0: Ball
2-0: Fly out, F4 (Popup, 4S)
Batting: RHB Andrés Lara 0-0: Ball
1-0: Ground out 6-3 (Groundball, 6)
Batting: RHB Wilbert Rodgers 0-0: Ball
1-0: Ball
2-0: Ball
3-0: Called Strike
3-1: Fly out, F7 (Line Drive, 7D)
Top of the 4th over - 0 runs, 0 hits, 0 errors, 0 left on base; Kenilworth 10 - Seattle 1
BOTTOM OF THE 4TH
Seattle Pikes batting - Pitching for Kenilworth Aces : RHP José Martínez
Batting: LHB John Clark 0-0: Called Strike
0-1: Fly out, F1 (Line Drive, 13)
Batting: RHB Randy Sheppard 0-0: Foul Ball, location: 2F
0-1: Ball
1-1: Ball
2-1: Ball
3-1: Swinging Strike
3-2: Foul Ball, location: 2F
3-2: Foul Ball, location: 2F
3-2: Foul Ball, location: 2F
3-2: DOUBLE (Flyball, 89XD)
Batting: SHB António Hernández 0-0: Called Strike
0-1: Ball
1-1: Swinging Strike
1-2: Strikes out swinging
Batting: RHB Anthony Rucker 0-0: Swinging Strike
0-1: Swinging Strike
0-2: Ball
1-2: Foul Ball, location: 2F
1-2: Foul Ball, location: 2F
1-2: Foul Ball, location: 2F
1-2: Foul Ball, location: 2F
1-2: Foul Ball, location: 2F
1-2: Foul Ball, location: 2F
1-2: Strikes out swinging
Bottom of the 4th over - 0 runs, 1 hit, 0 errors, 1 left on base; Kenilworth 10 - Seattle 1
TOP OF THE 5TH
Kenilworth Aces batting - Pitching for Seattle Pikes : RHP Orlando Cruz
Batting: LHB Jim Jensen 0-0: Ball
1-0: Called Strike
1-1: Ball
2-1: Ball
3-1: Foul Ball, location: 2F
3-2: Base on Balls
Pitching: RHP Luis Libán
Batting: RHB Hollis Wood 0-0: Swinging Strike
0-1: Ball
1-1: Ball
2-1: Foul Ball, location: 2F
2-2: Strikes out swinging
Batting: LHB Barrett Waters 0-0: Called Strike
0-1: Swinging Strike
0-2: Foul Ball, location: 2F
0-2: Ball
1-2: Ball
2-2: Strikes out swinging
Batting: RHB Luis Sánchez 0-0: Swinging Strike
0-1: Called Strike
0-2: Ball
1-2: Fly out, F7 (Line Drive, 7D)
Top of the 5th over - 0 runs, 0 hits, 0 errors, 1 left on base; Kenilworth 10 - Seattle 1
BOTTOM OF THE 5TH
Seattle Pikes batting - Pitching for Kenilworth Aces : RHP José Martínez
Batting: RHB Murai Ishihara 0-0: Ball
1-0: Called Strike
1-1: Swinging Strike
1-2: Foul Ball, location: 2F
1-2: Strikes out swinging
Batting: SHB Richard Bowman 0-0: Swinging Strike
0-1: Called Strike
0-2: Ball
1-2: Ball
2-2: Strikes out looking
Batting: RHB Robert Johnson 0-0: Ball
1-0: Called Strike
1-1: Called Strike
1-2: SINGLE (Line Drive, 4D)
Batting: RHB Seiji Kouno 0-0: Ball
1-0: Swinging Strike
1-1: Ball
2-1: Ball
3-1: Fly out, F5 (Popup, 5F)
Bottom of the 5th over - 0 runs, 1 hit, 0 errors, 1 left on base; Kenilworth 10 - Seattle 1
TOP OF THE 6TH
Kenilworth Aces batting - Pitching for Seattle Pikes : RHP Luis Libán
Batting: LHB Roy Patrick 0-0: Fly out, F9 (Flyball, 9)
Batting: LHB Santiago Márquez 0-0: Ball
1-0: Ground out 6-3 (Groundball, 56)
Batting: RHB Jorge Jiménez 0-0: Foul Ball, location: 2F
0-1: Ball
1-1: Fly out, F7 (Flyball, 7S)
Top of the 6th over - 0 runs, 0 hits, 0 errors, 0 left on base; Kenilworth 10 - Seattle 1
BOTTOM OF THE 6TH
Seattle Pikes batting - Pitching for Kenilworth Aces : RHP José Martínez
Batting: LHB Roberto Lozano 0-0: Called Strike
0-1: Ball
1-1: Ball
2-1: Called Strike
2-2: Strikes out swinging
Batting: LHB John Clark 0-0: Ball
1-0: Called Strike
1-1: Foul Ball, location: 2F
1-2: Ball
2-2: Strikes out swinging
Batting: RHB Randy Sheppard 0-0: Ground out 4-3 (Groundball, 4S)
Bottom of the 6th over - 0 runs, 0 hits, 0 errors, 0 left on base; Kenilworth 10 - Seattle 1
TOP OF THE 7TH
Kenilworth Aces batting - Pitching for Seattle Pikes : RHP Luis Libán
Batting: RHB Andrés Lara 0-0: Ball
1-0: Ball
2-0: DOUBLE (Line Drive, 9LM)
Batting: RHB Wilbert Rodgers 0-0: Ball
1-0: Ball
2-0: Ball
3-0: Called Strike
3-1: 2-RUN HOME RUN (Flyball, 7LD), Distance : 376 ft
Batting: LHB Jim Jensen 0-0: Ball
1-0: Fly out, F9 (Line Drive, 9)
Batting: RHB Hollis Wood 0-0: Called Strike
0-1: Ball
1-1: Ground out 1-3 (Groundball, 15S)
Batting: LHB Barrett Waters 0-0: Ball
1-0: SINGLE (Groundball, 4MD)
Batting: RHB Luis Sánchez
Pinch Hitting: RHB Taylor McFarland 0-0: Ball
Barrett Waters steals 2nd base
1-0: Swinging Strike
1-1: SINGLE (Groundball, 6MD)
Barrett Waters to third
Runner from 3rd tries for Home, SAFE, no throw
Batting: LHB Roy Patrick 0-0: Foul Ball, location: 2F
0-1: Fly out, F9 (Flyball, 9D)
Top of the 7th over - 3 runs, 4 hits, 0 errors, 1 left on base; Kenilworth 13 - Seattle 1
BOTTOM OF THE 7TH
Seattle Pikes batting - Pitching for Kenilworth Aces : RHP José Martínez
Now at SS: Taylor McFarland
Batting: SHB António Hernández 0-0: Foul Ball, location: 2F
0-1: Fly out, F5 (Popup, 15S)
Batting: RHB Anthony Rucker 0-0: Foul Ball, location: 2F
0-1: Foul Ball, location: 2F
0-2: Ball
1-2: SINGLE (Groundball, 6MD)
Batting: RHB Murai Ishihara 0-0: Ball
1-0: Ball
2-0: Ball
3-0: Foul Ball, location: 2F
3-1: Called Strike
3-2: Strikes out swinging
Anthony Rucker steals 2nd base
Batter strikes out.
Pitching: RHP Pablo Cabral
Batting: SHB Richard Bowman 0-0: Called Strike
0-1: Foul Ball, location: 2F
0-2: Ground out 4-3 (Groundball, 4)
Bottom of the 7th over - 0 runs, 1 hit, 0 errors, 1 left on base; Kenilworth 13 - Seattle 1
TOP OF THE 8TH
Kenilworth Aces batting - Pitching for Seattle Pikes : RHP Luis Libán
Batting: LHB Santiago Márquez 0-0: Fly out, F8 (Flyball, 8RS)
Batting: RHB Jorge Jiménez 0-0: Fly out, F4 (Line Drive, 4)
Batting: RHB Andrés Lara 0-0: Ball
1-0: SINGLE (Line Drive, 89S)
Batting: RHB Wilbert Rodgers 0-0: Called Strike
0-1: Fly out, F8 (Flyball, 8LM)
Top of the 8th over - 0 runs, 1 hit, 0 errors, 1 left on base; Kenilworth 13 - Seattle 1
BOTTOM OF THE 8TH
Seattle Pikes batting - Pitching for Kenilworth Aces : RHP Pablo Cabral
Now at 1B: José Sánchez
Batting: RHB Robert Johnson 0-0: DOUBLE (Line Drive, 78D)
Batting: RHB Seiji Kouno 0-0: Ball
1-0: Ball
2-0: Foul Ball, location: 2F
2-1: Swinging Strike
2-2: Ball
3-2: Strikes out swinging
Batting: LHB Roberto Lozano 0-0: Ball
1-0: Ball
2-0: Ball
3-0: Base on Balls
Batting: LHB John Clark 0-0: Ball
1-0: Ball
2-0: Grounds into double play, 5-4-3 (Groundball, 56)
Bottom of the 8th over - 0 runs, 1 hit, 0 errors, 1 left on base; Kenilworth 13 - Seattle 1
TOP OF THE 9TH
Kenilworth Aces batting - Pitching for Seattle Pikes : RHP Luis Libán
Batting: LHB Jim Jensen 0-0: Swinging Strike
0-1: Fly out, F3 (Popup, 3SF)
Batting: RHB Hollis Wood 0-0: Ball
1-0: Ball
2-0: Called Strike
2-1: Ground out 5-3 (Groundball, 56)
Batting: LHB Barrett Waters 0-0: Ball
1-0: Called Strike
1-1: Swinging Strike
1-2: DOUBLE (Flyball, 78D)
Batting: RHB Taylor McFarland 0-0: Foul Ball, location: 2F
0-1: Fly out, F8 (Flyball, 8RD)
Top of the 9th over - 0 runs, 1 hit, 0 errors, 1 left on base; Kenilworth 13 - Seattle 1
BOTTOM OF THE 9TH
Seattle Pikes batting - Pitching for Kenilworth Aces : RHP Pablo Cabral
Batting: RHB Randy Sheppard 0-0: Ball
1-0: Foul Ball, location: 2F
1-1: Foul Ball, location: 2F
1-2: Strikes out swinging
Batting: SHB António Hernández 0-0: Foul Ball, location: 2F
0-1: Ball
1-1: Ball
2-1: Swinging Strike
2-2: Strikes out looking
Batting: RHB Anthony Rucker 0-0: Ball
1-0: Ball
2-0: Ball
3-0: Called Strike
3-1: Fly out, F9 (Line Drive, 9)
Bottom of the 9th over - 0 runs, 0 hits, 0 errors, 0 left on base; Kenilworth 13 - Seattle 1
Saturday, April 7th, 2018 - OOTP Baseball 18.8 Build 76